 Dungeon Crawl Stone Soup version 0.31-a0-182-gc5ef74bbde (webtiles) character file.

Game seed: 9895867446367967578

10748 seeyaspacecowboy the Spear-Bearer (level 11, -17/78 (85) HPs)
             Began as a Minotaur Fighter on June 20, 2023.
             Was a Plaything of Xom.
             Killed from afar by an orc sorcerer (27 damage)
             ... with a bolt of negative energy
             ... while paralysed by an orc sorcerer
             ... on level 2 of the Orcish Mines on June 21, 2023.
             The game lasted 01:40:51 (9636 turns).

seeyaspacecowboy the Spear-Bearer (MiFi)            Turns: 9636, Time: 01:40:54

HP:   -17/78 (85)   AC: 23    Str: 25    XL:     11   Next: 40%
MP:   9/10          EV:  2    Int:  5    God:    Xom [..*...]
Gold: 314           SH:  0    Dex: 18    Spells: 7/10 levels left

rFire   + . .        g - +9 lance "Wyrmbane" {slay drac, rPois rF+ rC+ AC+3}
rCold   + + .        D - +0 kite shield
rNeg    . . .        w - +0 plate armour
rPois   +            (helmet restricted)
rElec   .            q - +0 cloak
rCorr   .            h - +0 pair of gloves
SInv    .            (no boots)
Will    .....        x - amulet of regeneration Stlth
                     I - +6 ring of dexterity
HPRegen 1.13/turn    i - +4 ring of protection
MPRegen 0.12/turn

%: no passive effects
@: confused, paralysed, on berserk cooldown, slowed, studying Dodging, drained
A: horns 2, retaliatory headbutt, iridescent scales 1, thin skeletal structure
1, cold resistance 1, poison resistance, wild magic 1, MP-powered wands, sturdy
frame 1
a: Renounce Religion


You were on level 2 of the Orcish Mines.
You worshipped Xom.
You were a toy of Xom.
You visited 3 branches of the dungeon, and saw 13 of its levels.

You collected 854 gold pieces.
You spent 540 gold pieces at shops.

Inventory:

Hand Weapons
 a - a +1 war axe
 d - a +1 whip of electrocution
 f - a +0 hand axe
 g - the +9 lance "Wyrmbane" (weapon) {slay drac, rPois rF+ rC+ AC+3}
   (You took it off Maggie on level 7 of the Dungeon)

   AC:        It affects your AC (+3).
   rF:        It protects you from fire.
   rC:        It protects you from cold.
   rPois:     It protects you from poison.
 j - the +6 dagger "Depucauth" {protect, Drain rN++}
   (You found it on level 3 of the Dungeon)

   rN:        It greatly protects you from negative energy.
   Drain:     It drains your maximum health when unequipped.
 t - a +5 hand axe of electrocution
 z - a +1 halberd of chaos
 G - a +0 orcbow
 J - a +4 scimitar of flaming
Missiles
 e - 106 stones
 p - 38 poisoned darts
 A - 2 throwing nets
Armour
 c - a +1 buckler
 h - a +0 pair of gloves (worn)
 k - a +0 helmet
 l - the +0 ring mail "Cial" {Will+}
   (You found it on level 2 of the Dungeon)

   Will:      It increases your willpower.
 q - a +0 cloak (worn)
 u - +0 steam dragon scales
 w - a +0 plate armour (worn)
 C - an orb of light
 D - a +0 kite shield (worn)
 F - +0 swamp dragon scales
 K - a +2 robe of resistance
Magical Staves
 m - a staff of death
Jewellery
 i - a +4 ring of protection (right hand)
 x - an amulet of regeneration (around neck)
 I - a +6 ring of dexterity (left hand)
 O - a ring of protection from cold
Wands
 B - a wand of quicksilver (2)
 H - a wand of roots (11)
Scrolls
 b - 2 scrolls of poison
 r - a scroll of enchant weapon
 s - a scroll of revelation
 y - 2 scrolls of teleportation
 P - a scroll of identify
Potions
 n - 2 potions of brilliance
 o - 3 potions of degeneration
 v - 2 potions of curing
 M - a potion of enlightenment
 N - a potion of invisibility


   Skills:
 - Level 4.4 Fighting
 - Level 13.0 Short Blades
 - Level 4.0(10.5) Axes
 * Level 14.9(15.1) Polearms
 - Level 4.7 Armour
 - Level 1.0 Dodging
 - Level 4.2 Shields


You had 7 spell levels left.
You knew the following spells:

 Your Spells              Type           Power      Damage    Failure   Level
a - Call Canine Familiar  Summ           0%         N/A       100%        3

Your spell library contained the following spells:

 Spells                   Type           Power      Damage    Failure   Level
 Hailstorm                Conj/Ice       0%         3d3       100%        3
 Portal Projectile        Hex/Tloc       0%         N/A       100%        3
 Vhi's Electric Charge    Tloc/Air       0%         N/A       100%        3
 Ice Form                 Ice/Tmut       0%         N/A       100%        4
 Leda's Liquefaction      Hex/Erth       0%         N/A       100%        4
 Arcjolt                  Conj/Air       0%         1d10      100%        5
 Plasma Beam              Fire/Air       0%         2x1d10    100%        6
 Simulacrum               Ice/Necr       0%         N/A       100%        6
 Maxwell's Capacitive Co  Air            0%         ∞         100%        8


Dungeon Overview and Level Annotations

Branches:
Dungeon (10/15)            Temple (1/1) D:5            Lair (0/5) D:8
    Orc (2/2) D:10
    Elf: Orc:2

Altars:
Ashenzari
Dithmenos
Elyvilon
Fedhas
Gozag
Hepliaklqana
Kikubaaqudgha
Makhleb
Nemelex Xobeh
Okawaru
Qazlal
Ru
Sif Muna
Trog
Uskayaw
Vehumet
Wu Jian
Xom
Yredelemnul
Zin
The Shining One

Shops:
D:9 =


Innate Abilities, Weirdness & Mutations

You have a pair of horns on your head.
You reflexively headbutt those who attack you in melee.
You are partially covered in iridescent scales. (AC +2)
You have a somewhat thin skeletal structure. (Dex +2, Stealth+)
Your flesh is cold resistant. (rC+)
Your system is resistant to poisons. (rPois)
Your spells are a little harder to cast, but a little more powerful.
You expend magic power (3 MP) to strengthen your wands.
Your movements are slightly less encumbered by armour. (ER -2)


Message History

The magic dart hits something!
Xom is highly amused!
The orc wizard grunts loudly, as Orcs often do.
You are no longer berserk.
You are exhausted.
You feel yourself slow down. The smoke demon gestures at you.
The sticky flame hits you but does no damage.
You are covered in liquid flames!
You are covered in liquid flames!
The orc sorcerer gestures at you while chanting.
The bolt of negative energy hits you!
You feel drained.
* * * LOW HITPOINT WARNING * * *
You hear some strange, mumbled words.
A puff of flame appears from out of thin air!
The puff of flame hits you but does no damage.
The orc high priest utters an invocation to Beogh.
You are too confused!
You are covered in liquid flames!
You feel less confused.
The orc high priest mumbles some strange prayers to Beogh.
A puff of flame appears from out of thin air!
The puff of flame hits you but does no damage.
You are confused.
The smoke demon gestures at you. The ball of steam misses you.
The orc sorcerer points at you and mumbles some strange words.
You suddenly lose the ability to move!
The orc high priest prays to Beogh.
The orc sorcerer is engulfed in a cloud of scalding steam.
The orc sorcerer casts a spell at you. The bolt of fire hits you!! You resist.
* * * LOW HITPOINT WARNING * * *
The smoke demon gestures at you.
The sticky flame hits something!
Reactivating autopickup.
The orc sorcerer points at you and mumbles some strange words.
The bolt of negative energy hits you!!
You feel drained.
You die...
Xom thinks this is hilarious!

#...... ..........
#...... #..........
#...... ##..........
#......##...#.....##
#.....#.#.$##......#
.#....$.... #..§§§$.##
.....3..)#.##..§.§....
...o.o.))##4o.@§§.....
.....#.ooo.3)§...#....
o#. ###o..§§..### .
###..<.## #.#......#
###......# ###....#
##..... ......


You could see an orc high priest, an orange demon (summoned), a smoke demon
(summoned), 2 orc sorcerers, an orc warrior and an orc wizard.

Vanquished Creatures
  2 two-headed ogres
  The ghost of knightboat the Spear-Bearer, a novice TeMo (D:6)
  A black mamba (D:9)
  Maggie (D:7)
  An unseen horror (D:10)
  A troll (D:10)
  A vampire (D:9)
  14 yaks
  A wyvern (D:6)
  A golden eye (D:9)
  A steam dragon (D:9)
  A water moccasin (D:6)
  An ice beast (D:7)
  3 sky beasts
  8 orc warriors
  A black bear (D:6)
  4 ogres
  2 centaurs
  3 kobold brigands
  4 bullfrogs
  A gnoll sergeant (D:5)
  2 water moccasin zombies (D:4)
  3 scorpions
  8 wights
  8 killer bees
  A howler monkey (D:8)
  A centaur zombie (D:4)
  A human zombie (D:4)
  3 jellies
  4 orc priests
  3 hounds
  4 sleepcaps
  12 orc wizards
  6 iguanas
  A scorpion zombie (D:4)
  A hound zombie (D:4)
  A howler monkey zombie (D:4)
  A mummy (D:4)
  8 gnolls
  5 adders
  2 shadow imps
  A white imp (D:5)
  2 adder zombies (D:4)
  A worm (D:5)
  4 dart slugs
  51 orcs
  10 endoplasms
  2 giant cockroaches
  5 goblins
  7 hobgoblins
  18 kobolds
  4 quokkas
  11 ball pythons
  7 bats
  5 frilled lizards
  5 rats
261 creatures vanquished.

Vanquished Creatures (collateral kills)
  Erica (D:8)
  A killer bee (D:8)
  An orc priest (Orc:2)
  An orc wizard (Orc:2)
  2 orcs
  A kobold (D:8)
7 creatures vanquished.

Vanquished Creatures (others)
  An orc wizard (Orc:2)
1 creature vanquished.

Grand Total: 269 creatures vanquished

Notes
Turn   | Place    | Note
-------+----------+-------------------------------------------
     0 | D:1      | seeyaspacecowboy the Minotaur Fighter began the quest for
                  | the Orb.
     0 | D:1      | Reached XP level 1. HP: 19/19 MP: 0/0
     2 | D:1      | Noticed a demigod
     2 | D:1      | Noticed a human
     4 | D:1      | Noticed an ogre
     6 | D:1      | Noticed a gargoyle
     8 | D:1      | Noticed a ghoul
    10 | D:1      | Noticed an elf
    10 | D:1      | Noticed a meteoran
    14 | D:1      | Noticed a troll
    14 | D:1      | Noticed a vampire
    16 | D:1      | Noticed a naga
    16 | D:1      | Noticed a draconian
    20 | D:1      | Noticed an octopode
    20 | D:1      | Noticed a vine stalker
    22 | D:1      | Noticed a minotaur
    22 | D:1      | Noticed a merfolk
    28 | D:1      | Noticed an armataur
    28 | D:1      | Noticed a formicid
    30 | D:1      | Noticed a tengu
    30 | D:1      | Noticed a demonspawn
    32 | D:1      | Noticed a vine stalker
    32 | D:1      | Noticed a felid
    34 | D:1      | Noticed a demigod
    34 | D:1      | Noticed a ghoul
   160 | D:1      | Reached XP level 2. HP: 26/27 MP: 1/1
   170 | D:1      | Found a faded altar of an unknown god.
   204 | D:1      | Prayed at the altar of an unknown god.
   204 | D:1      | Became a worshipper of Xom of Chaos
   311 | D:1      | XOM: silly message
   844 | D:2      | Reached XP level 3. HP: 32/33 MP: 2/2
   867 | D:2      | Identified the +0 ring mail "Cial" {Will+}
   882 | D:2      | XOM: silly message
   955 | D:2      | XOM: potion effect (might)
  1017 | D:2      | XOM: potion effect (haste)
  1032 | D:2      | Reached XP level 4. HP: 16/40 MP: 3/3
  1143 | D:2      | You fall into a shaft and drop 2 floors!
  1184 | D:4      | XOM: divination: detect items
  1309 | D:4      | Noticed an ogre
  1336 | D:3      | XOM: enchant monster (good)
  1822 | D:3      | XOM: silly message
  1890 | D:3      | Reached skill level 1 in Dodging
  1892 | D:3      | Identified the +6 dagger "Depucauth" {protect, Drain rN++}
  1927 | D:3      | XOM: divination: magic mapping
  2206 | D:3      | XOM: scenery: 1 doors close
  2229 | D:3      | XOM: cast spell 'Alistair's Intoxication'
  2285 | D:3      | XOM: confusion (+ monsters)
  2304 | D:4      | Found an ornate altar of the Wu Jian Council.
  2310 | D:4      | Found a bloodstained altar of Trog.
  2348 | D:4      | Reached skill level 1 in Short Blades
  2348 | D:4      | Reached XP level 5. HP: 23/40 MP: 4/4
  2368 | D:4      | XOM: noise
  2723 | D:4      | Found a basalt altar of Yredelemnul.
  2724 | D:4      | XOM: cleaving
  2746 | D:4      | Reached XP level 6. HP: 53/53 MP: 5/5
  2826 | D:4      | Reached skill level 5 in Short Blades
  2848 | D:4      | XOM: fog
  2939 | D:5      | Entered Level 5 of the Dungeon
  2967 | D:4      | XOM: cloud trail
  3093 | D:5      | Reached XP level 7. HP: 59/60 MP: 6/6
  3104 | D:5      | Found a staircase to the Ecumenical Temple.
  3201 | Temple   | Entered the Ecumenical Temple
  3354 | D:5      | XOM: divination: detect creatures
  3388 | D:5      | XOM: potion effect (brilliance)
  3395 | D:5      | XOM: polymorph hound -> bullfrog
  3465 | D:5      | XOM: noise
  3485 | D:5      | XOM: fog
  3501 | D:5      | Reached XP level 8. HP: 65/67 MP: 7/7
  3564 | D:5      | XOM: divination: detect items
  3722 | D:5      | XOM: scenery: create altars
  4119 | D:5      | XOM: god gift: runed halberd {god gift}
  4238 | D:5      | XOM: cloud trail
  4287 | D:5      | XOM: god gift: staff of air
  4390 | D:6      | XOM is BORED!
  4478 | D:6      | Noticed knightboat's ghost (novice TeMo)
  4479 | D:6      | Found a transporter.
  4485 | D:6      | Found a transporter.
  4553 | D:6      | Reached skill level 10 in Short Blades
  4726 | D:6      | XOM: divination: magic mapping
  4734 | D:6      | XOM: 3-stop teleportation journey
  4956 | D:6      | XOM: scenery: 1 doors close
  4992 | D:6      | XOM: give mutations
  4992 | D:6      | Gained mutation: You are partially covered in iridescent
                  | scales. (AC +2) [Xom's grace]
  4992 | D:6      | Gained mutation: Your flesh is heat resistant. (rF+) [Xom's
                  | grace]
  4992 | D:6      | Gained mutation: Your spells are a little harder to cast,
                  | but a little more powerful. [Xom's grace]
  4992 | D:6      | Gained mutation: You are agile. (Dex +4, Str/Int -1) [Xom's
                  | grace]
  5183 | D:6      | Noticed Prince Ribbit
  5195 | D:6      | Prince Ribbit changed into Prince Ribbit the sky beast
  5195 | D:6      | Noticed Prince Ribbit
  5195 | D:6      | XOM: polymorph Prince Ribbit -> Prince Ribbit the sky beast
  5206 | D:6      | Killed Prince Ribbit the sky beast
  5284 | D:6      | XOM: smoke on damage
  5317 | D:6      | Killed knightboat's ghost
  5318 | D:6      | Reached XP level 9. HP: 59/72 MP: 8/8
  5453 | D:7      | Found a burning altar of Makhleb.
  5496 | D:7      | Noticed Maggie
  5529 | D:7      | Killed Maggie
  5538 | D:7      | Learned a level 3 spell: Call Canine Familiar
  5708 | D:7      | Found a shimmering altar of Xom.
  5720 | D:7      | Found a shadowy altar of Dithmenos.
  5724 | D:7      | Reached skill level 1 in Polearms
  5739 | D:7      | Reached skill level 2 in Polearms
  6072 | D:7      | XOM: summons friendly crimson imp
  6077 | D:7      | Reached skill level 3 in Polearms
  6197 | D:7      | XOM: torment (35/67 hp)
  6441 | D:8      | Reached skill level 4 in Polearms
  6516 | D:8      | XOM: summons 2 friendly demons
  6518 | D:8      | Reached skill level 5 in Polearms
  6536 | D:8      | Reached skill level 6 in Polearms
  6547 | D:8      | XOM: give mutation
  6547 | D:8      | Gained mutation: You are mostly covered in iridescent
                  | scales. (AC +4) [Xom's mischief]
  6560 | D:8      | Found a shimmering blue altar of Sif Muna.
  6705 | D:8      | Found a staircase to the Lair.
  6774 | D:8      | XOM: 4-stop teleportation journey
  6782 | D:8      | XOM: blink monster(s)
  6787 | D:8      | Reached skill level 7 in Polearms
  6810 | D:8      | XOM: summons friendly iron imp
  6918 | D:8      | Noticed Erica
  6921 | D:8      | XOM: potion effect (haste)
  6924 | D:8      | XOM: summons 9 friendly demons
  6931 | D:8      | Killed Erica
  6932 | D:8      | Reached skill level 8 in Polearms
  6932 | D:8      | Reached XP level 10. HP: 80/80 MP: 9/9
  7005 | D:8      | XOM: 1-stop teleportation journey
  7120 | D:8      | XOM: cloud trail
  7232 | D:8      | XOM: silly message
  7238 | D:8      | XOM: 2-stop teleportation journey
  7350 | D:8      | Found a white marble altar of Elyvilon.
  7540 | D:8      | XOM: silly message
  7548 | D:8      | Reached skill level 9 in Polearms
  7555 | D:8      | XOM: summons friendly quasit
  7657 | D:9      | XOM: confuse monster(s)
  7707 | D:9      | Reached skill level 10 in Polearms
  7713 | D:9      | Lost mutation: You are mostly covered in iridescent scales.
                  | (AC +4) [potion of mutation]
  7713 | D:9      | Lost mutation: Your flesh is heat resistant. (rF+) [potion
                  | of mutation]
  7713 | D:9      | Lost mutation: You are partially covered in iridescent
                  | scales. (AC +2) [potion of mutation]
  7713 | D:9      | Lost mutation: You are agile. (Dex +4, Str/Int -1) [potion
                  | of mutation]
  7713 | D:9      | Gained mutation: You have a somewhat thin skeletal
                  | structure. (Dex +2, Stealth+) [potion of mutation]
  7876 | D:9      | XOM: divination: detect items
  7889 | D:9      | XOM: scenery: 1 doors close
  7891 | D:9      | XOM: noise
  7896 | D:9      | a yak changed into a black mamba
  7896 | D:9      | Noticed a black mamba
  7896 | D:9      | XOM: polymorph yak -> black mamba
  7903 | D:9      | Reached skill level 11 in Polearms
  7904 | D:9      | XOM: cleaving
  7909 | D:9      | XOM: enchant monster (good)
  7910 | D:9      | XOM: polymorph yak -> golden eye
  7911 | D:9      | Reached skill level 12 in Polearms
  7912 | D:9      | Killed a black mamba
  8124 | D:9      | Found Farghat's Jewellery Shoppe.
  8137 | D:9      | Bought a +4 ring of protection for 540 gold pieces
  8211 | D:9      | XOM: god gift: scroll of teleportation
  8353 | D:9      | Noticed a two-headed ogre
  8354 | D:9      | XOM: silly message
  8359 | D:9      | Killed a two-headed ogre
  8360 | D:9      | Reached skill level 13 in Polearms
  8360 | D:9      | Reached XP level 11. HP: 84/85 MP: 10/10
  8371 | D:10     | Entered Level 10 of the Dungeon
  8376 | D:10     | Noticed a two-headed ogre
  8386 | D:10     | Killed a two-headed ogre
  8649 | D:10     | XOM: swap monsters
  8685 | D:10     | Found a staircase to the Orcish Mines.
  8857 | D:10     | XOM: enchant monster (bad)
  8861 | D:10     | Reached skill level 14 in Polearms
  8871 | D:10     | XOM: 2-stop teleportation journey
  9112 | D:10     | XOM: give mutations
  9112 | D:10     | Gained mutation: Your system is resistant to poisons.
                  | (rPois) [Xom's grace]
  9112 | D:10     | Gained mutation: Your movements are slightly less
                  | encumbered by armour. (ER -2) [Xom's grace]
  9174 | D:10     | XOM: give mutations
  9174 | D:10     | Gained mutation: You expend magic power (3 MP) to
                  | strengthen your wands. [Xom's grace]
  9174 | D:10     | Gained mutation: Your flesh is cold resistant. (rC+) [Xom's
                  | grace]
  9174 | D:10     | Gained mutation: You are partially covered in iridescent
                  | scales. (AC +2) [Xom's grace]
  9176 | D:10     | Found an opulent altar of Gozag.
  9247 | Orc:1    | Entered Level 1 of the Orcish Mines
  9259 | Orc:1    | XOM: potion effect (might)
  9297 | Orc:1    | XOM: summons friendly white imp
  9305 | Orc:1    | XOM: polymorph white imp -> iron imp
  9593 | Orc:2    | Entered Level 2 of the Orcish Mines
  9612 | Orc:2    | Noticed an orc sorcerer
  9612 | Orc:2    | XOM: summons friendly shadow imp
  9617 | Orc:2    | XOM: smoke on damage
  9623 | Orc:2    | Noticed an orc high priest
  9627 | Orc:2    | Noticed an orc sorcerer
  9634 | Orc:2    | Paralysed by an orc sorcerer for 4 turns
  9636 | Orc:2    | Killed from afar by an orc sorcerer

Illustrated notes

Levels and vault maps discovered:
D:1:      kb_arrival_jail, layout_basic, basic_ecumenical_altar
D:2:      layout_rooms
D:3:      layout_basic, mainiacjoe_overflow_six_doors_small
D:4:      layout_rooms, lemuel_mausoleum_altar_yredelemnul,
          grunt_temple_overflow_open
D:5:      layout_rooms, temple_fountains
D:6:      layout_rooms, gammafunk_ghost_arena, kennysheep_small_spiral,
          uniq_prince_ribbit1
D:7:      layout_gridville, mainiacjoe_overflow_24_doors,
          mainiacjoe_overflow_large_starburst, uniq_maggie
D:8:      layout_basic, amcnicky_altar_gilded, lemuel_doored_altar,
          grunt_lair_entry_orc_guard_hut, uniq_erica
D:9:      layout_irregular_city, serial_shops, shop
D:10:     layout_irregular_city, mainiacjoe_overflow_tiny_flanked,
          hiddenorc1_lemuel
Temple:   nicolae_temple_bog_church
Orc:1:    layout_diamond_mine, basic_altar
Orc:2:    st_orc_mages, layout_diamond_mine, basic_altar

Skill      XL: |  1  2  3  4  5  6  7  8  9 10 11 |
---------------+----------------------------------+-----
Fighting       | 4 |  4.4
Armour         | 4 |  4.7
Shields        | 4 |  4.2
Axes           | 3 4 |  4.0
Dodging        | 1 |  1.0
Short Blades   | 1 3 6 8 12 13 | 13.0
Polearms       | 8 13 14 | 14.9

Action                     |  1- 3 |  4- 6 |  7- 9 | 10-12 || total
---------------------------+-------+-------+-------+-------++-------
  Melee: War axe           |    67 |    29 |       |       ||    96
         Headbutt          |     8 |    30 |    71 |    33 ||   142
         Dagger            |       |   107 |   311 |       ||   418
         Lance             |       |       |    86 |   224 ||   310
  Throw: Dart              |       |     4 |       |       ||     4
         Stone             |       |     2 |    18 |       ||    20
  Evoke: Wand              |       |       |     6 |    12 ||    18
    Use: Potion            |     1 |       |     3 |     3 ||     7
         Scroll            |     8 |     6 |     4 |     5 ||    23
   Stab: Confused          |       |       |       |     1 ||     1
 Armour: Scale mail        |    17 |       |       |       ||    17
         Ring mail         |     6 |    65 |     9 |       ||    80
         Plate armour      |       |       |   226 |   135 ||   361
  Dodge: Dodged            |    26 |    57 |    74 |    40 ||   197
  Block: Buckler           |    15 |    26 |    32 |       ||    73
         Kite shield       |       |       |    87 |    89 ||   176

Table legend: (Time is in decaauts)
 A = Elapsed time spent in this place.
 B = Non-inter-level travel time spent in this place.
 C = Inter-level travel time spent in this place.
 D = Time resting spent in this place.
 E = Time spent auto-exploring this place.
 F = Levels seen in this place.
 G = Mean time per level.
                   A        B        C        D        E       F      G
               +--------+--------+--------+--------+--------+-----+--------+
         Total |   9431 |   8898 |    533 |   1240 |   3592 |  13 |  725.5 |
       Dungeon |   8979 |   8486 |    493 |   1240 |   3448 |  10 |  897.9 |
        Temple |     84 |     67 |     17 |      0 |     10 |   1 |   84.0 |
  Orcish Mines |    367 |    344 |     23 |      0 |    134 |   2 |  183.5 |
               +--------+--------+--------+--------+--------+-----+--------+

Top non-repeatable levels by time:
     D:8: 1141 daAuts
     D:5: 1092 daAuts
     D:6: 1026 daAuts
     D:7: 1017 daAuts
     D:4: 968 daAuts
     D:1: 857 daAuts
    D:10: 850 daAuts
     D:9: 756 daAuts
     D:3: 746 daAuts
     D:2: 522 daAuts
   Orc:1: 332 daAuts
  Temple: 84 daAuts
   Orc:2: 34 daAuts
